 Dungeon Crawl Stone Soup version 0.21.0-3-g78d12a8 (webtiles) character file.

8422 MDvedh the Cruncher (level 11, -3/78 HPs)
             Began as a Demonspawn Gladiator on Jan 9, 2018.
             Was a Believer of Wu Jian.
             Shot with a stone by a minotaur (5 damage)
             ... in a labyrinth.
             The game lasted 00:19:26 (10534 turns).

MDvedh the Cruncher (Demonspawn Gladiator)         Turns: 10534, Time: 00:19:27

Health: -3/78      AC: 13    Str: 18    XL:     11   Next: 9%
Magic:  0/20       EV: 17    Int:  9    God:    Wu Jian [**....]
Gold:   808        SH:  0    Dex: 20    Spells: 10/10 levels left

rFire    + + .     SeeInvis .   a - +1 quarterstaff
rCold    . . .     Gourm    .   (shield currently unavailable)
rNeg     . . .     Faith    +   e - +1 chain mail {rF+}
rPois    .         Spirit   +   c - +1 helmet
rElec    .         Reflect  .   r - +0 cloak
rCorr    +         Harm     .   (no gloves)
MR       .....                  (boots unavailable)
Stlth    ..........             b - amulet of faith
HPRegen  0.23/turn              y - ring of resist corrosion
MPRegen  0.34/turn              z - ring of magical power

@: agile
A: talons 3, fire resistance 1, magic shield, magic regeneration, sturdy frame 2
a: Wall Jump, Renounce Religion


You were in a labyrinth.
You worshipped Wu Jian.
Wu Jian was pleased with you.
You were very full.

You visited 3 branches of the dungeon, and saw 12 of its levels.
You also visited: Labyrinth.

You collected 836 gold pieces.
You spent 28 gold pieces at shops.

Inventory:

Hand Weapons
 a - a +1 quarterstaff (weapon)
Missiles
 d - 3 throwing nets (quivered)
Armour
 c - a +1 helmet (worn)
 e - a +1 chain mail of fire resistance (worn)
 r - a +0 cloak (worn)
Jewellery
 b - an amulet of faith (around neck)
 w - an uncursed amulet of rage
 y - a ring of resist corrosion (left hand)
 z - a ring of magical power (right hand)
Wands
 A - a wand of disintegration (27)
 B - a wand of digging (15)
 E - a wand of random effects (20)
 H - a wand of enslavement (15)
 K - a wand of flame (20)
Scrolls
 h - 2 scrolls of enchant weapon
 i - 2 scrolls of fog
 o - 2 scrolls of magic mapping
 p - 3 scrolls of blinking
 s - 2 scrolls of teleportation
 u - 3 scrolls of remove curse
 x - 3 scrolls of fear
 F - 5 scrolls of enchant armour
 J - a scroll of amnesia
Potions
 j - a potion of lignification {unknown}
 k - 8 potions of flight
 l - 3 potions of cancellation
 m - 2 potions of agility
 n - a potion of ambrosia
 q - a potion of might {unknown}
 t - a potion of brilliance {unknown}
 v - 3 potions of haste {unknown}
 D - 2 potions of magic
 N - 2 potions of degeneration {unknown}
Books
 G - a book of Geomancy

   Spells                             Type                      Level
   a - Sandblast                      Earth                        1
   b - Passwall                       Transmutation/Earth          2
   c - Stone Arrow                    Conjuration/Earth            3
   d - Petrify                        Transmutation/Earth          4
   e - Lee's Rapid Deconstruction     Earth                        5
 I - a book of Conjurations

   Spells                             Type                      Level
   a - Magic Dart                     Conjuration                  1
   b - Searing Ray                    Conjuration                  2
   c - Dazzling Spray                 Conjuration/Hexes            3
   d - Fulminant Prism                Conjuration/Hexes            4
   e - Force Lance                    Conjuration/Translocation    4
   f - Iskenderun's Mystic Blast      Conjuration                  4
 M - a book of Misfortune

   Spells                             Type                      Level
   a - Confusing Touch                Hexes                        1
   b - Confuse                        Hexes                        3
   c - Gell's Gravitas                Translocation                3
   d - Petrify                        Transmutation/Earth          4
   e - Metabolic Englaciation         Hexes/Ice                    5
   f - Yara's Violent Unravelling     Hexes/Transmutation          5
Comestibles
 f - 9 rations


   Skills:
 + Level 4.6 Fighting
 - Level 14.0 Staves
 - Level 1.7 Throwing
 + Level 3.6 Armour
 + Level 4.7 Dodging


You had 10 spell levels left.
You didn't know any spells.

Dungeon Overview and Level Annotations

Branches:
Dungeon (10/15)            Temple (1/1) D:4            Lair (1/6) D:9
    Orc: D:9-12

Altars:
Ashenzari
Cheibriados
Dithmenos
Elyvilon
Fedhas
Gozag
Hepliaklqana
Kikubaaqudgha
Makhleb
Nemelex Xobeh
Okawaru
Qazlal
Ru
Sif Muna
Trog
Uskayaw
Vehumet
Wu Jian
Xom
Yredelemnul
Zin
The Shining One

Shops:
D:6 :=:[


Innate Abilities, Weirdness & Mutations

You have claws for feet.
Your flesh is heat resistant. (rF+)
When hurt, damage is shared between your health and your magic reserves.
You regenerate magic rapidly.
Your movements are less encumbered by armour. (ER -4)


Message History

Evoke which item? (* to show all) (? for menu, Esc to quit)
Okay, then.
You feel better.
The minotaur shoots a stone.
The stone closely misses you.
Evoke which item? (* to show all) (? for menu, Esc to quit)
Aiming: Scattershot
Press: ? - help, Shift-Dir - straight line, f - minotaur
Aim: a minotaur, wielding a fustibalus of velocity and wearing a plate armour (severely wounded)
The burst of metal fragments hits the minotaur. x4
The minotaur is severely wounded.
The minotaur shoots a stone.
The stone misses you.
Evoke which item? (* to show all) (? for menu, Esc to quit)
Aiming: Scattershot
Press: ? - help, Shift-Dir - straight line, f/p - minotaur
Aim: a minotaur, wielding a fustibalus of velocity and wearing a plate armour (severely wounded)
The burst of metal fragments hits the minotaur. x4
The minotaur is severely wounded.
The now-empty wand crumbles to dust.
The minotaur shoots a stone.
The stone hits you!
* * * LOW HITPOINT WARNING * * *
You die...

...# . . #
. #.#.##
.### ... .
#.#.#
.........#
#######. .
.# # ...#
#.# #
#.###H#.#
# # #.#
#.#. . #.#
#@# # # .
. # #
#.#.# # #
## # #
.(#.# . #
#. ####.#
#.## ##
#.... ..
##### ## #
# # #


You could see a minotaur.

Vanquished Creatures
  A guardian serpent (D:9)
  A gargoyle (D:9)
  A spiny frog (Lair:1)
  A troll (D:10)
  A hornet (D:9)
  2 hippogriffs
  12 yaks
  A wyvern (D:9)
  A vampire (D:10)
  2 hungry ghosts
  A water moccasin (D:10)
  A porcupine (Lair:1)
  4 orc warriors (D:10)
  Duvessa (D:4)
  2 ice beasts
  3 sky beasts
  A black bear (D:8)
  3 phantoms
  4 ogres
  2 centaurs
  3 big kobolds
  5 bullfrogs
  Dowan (D:4)
  A scorpion (D:7)
  2 wyvern skeletons
  5 wights (D:10)
  A howler monkey (D:6)
  A crimson imp (D:6)
  2 bullfrog zombies
  6 jellies
  2 quasits
  4 hounds
  6 orc wizards
  3 orc priests
  2 centaur skeletons
  2 iguanas
  Ijyb (D:4)
  14 worker ants
  The ghost of dscm the Grave Robber, a weakling GnNe (D:4)
  3 hound skeletons
  A worker ant zombie (D:9)
  8 adders
  A howler monkey skeleton (D:9)
  2 shadow imps (D:6)
  6 oozes
  3 adder zombies (D:9)
  2 worms
  3 dart slugs
  7 leopard geckos
  26 orcs
  2 ball pythons
  5 giant cockroaches
  4 goblins
  A hobgoblin (D:3)
  8 jackals
  17 kobolds
  5 quokkas
  3 bats
  3 frilled lizards
  A jackal skeleton (D:7)
  A leopard gecko skeleton (D:5)
  2 leopard gecko zombies (D:6)
  3 quokka skeletons
  5 rats
229 creatures vanquished.

Vanquished Creatures (others)
  2 fungi (Lair:1)
2 creatures vanquished.

Grand Total: 231 creatures vanquished

Notes
Turn   | Place    | Note
-------+----------+-------------------------------------------
     0 | D:1      | MDvedh the Demonspawn Gladiator began the quest for the Orb.
     0 | D:1      | Reached XP level 1. HP: 16/16 MP: 1/1
   165 | D:1      | Reached skill level 3 in Staves
   492 | D:1      | Gained mutation: You have sharp toenails. [demonic ancestry]
   492 | D:1      | Reached XP level 2. HP: 21/22 MP: 2/2
  1032 | D:2      | Reached skill level 4 in Staves
  1032 | D:2      | Reached XP level 3. HP: 15/27 MP: 3/3
  1560 | D:2      | Gained mutation: When hurt, damage is shared between your health and your magic reserves. [demonic ancestry]
  1560 | D:2      | Reached XP level 4. HP: 29/33 MP: 4/4
  1747 | D:3      | Reached skill level 5 in Staves
  1929 | D:3      | Found a stormy altar of Qazlal.
  2025 | D:3      | Gained mutation: Your movements are slightly less encumbered by armour. (ER -2) [demonic ancestry]
  2025 | D:3      | Reached XP level 5. HP: 35/38 MP: 5/5
  2444 | D:4      | Noticed an ogre
  2445 | D:4      | Noticed Ijyb
  2521 | D:3      | Killed an ogre
  2521 | D:3      | Reached skill level 6 in Staves
  2521 | D:3      | Gained mutation: Your flesh is heat resistant. (rF+) [demonic ancestry]
  2521 | D:3      | Reached XP level 6. HP: 23/44 MP: 6/6
  2696 | D:4      | Killed Ijyb
  2812 | D:4      | Reached skill level 7 in Staves
  2891 | D:4      | Found a staircase to the Ecumenical Temple.
  3103 | Temple   | Entered the Ecumenical Temple
  3304 | D:4      | Noticed Dowan
  3305 | D:4      | Noticed Duvessa
  3337 | D:4      | Killed Dowan
  3337 | D:4      | Gained mutation: Your movements are less encumbered by armour. (ER -4) [demonic ancestry]
  3337 | D:4      | Reached XP level 7. HP: 36/50 MP: 7/7
  3360 | D:4      | Noticed dscm's ghost (weakling GnNe)
  3534 | D:4      | Killed dscm's ghost
  3602 | D:4      | HP: 2/50 [Duvessa/short sword (10)]
  3609 | D:4      | Killed Duvessa
  3893 | D:5      | Entered Level 5 of the Dungeon
  3969 | D:5      | Noticed a hungry ghost
  4007 | D:5      | Killed a hungry ghost
  4007 | D:5      | Reached skill level 8 in Staves
  4230 | D:5      | Reached skill level 9 in Staves
  4230 | D:5      | Gained mutation: You regenerate magic rapidly. [demonic ancestry]
  4230 | D:5      | Reached XP level 8. HP: 17/56 MP: 8/8
  4890 | D:6      | Found Gunenoat's Armour Emporium.
  5185 | D:6      | Found Vaamodee's Jewellery Shoppe.
  5191 | D:6      | Bought a cursed amulet of inaccuracy for 28 gold pieces
  5270 | D:6      | Reached skill level 10 in Staves
  5290 | D:6      | Found a sparkling altar of Nemelex Xobeh.
  5338 | D:6      | Found Nuleih's Book Shoppe.
  5629 | D:6      | Found Jaunoud's Book Boutique.
  5952 | D:7      | Reached skill level 11 in Staves
  5952 | D:7      | Gained mutation: You have razor-sharp toenails. [demonic ancestry]
  5952 | D:7      | Reached XP level 9. HP: 60/61 MP: 9/9
  5990 | D:7      | Found a shadowy altar of Dithmenos.
  6303 | D:7      | Found a blossoming altar of Fedhas.
  6649 | D:8      | Found a radiant altar of Vehumet.
  6674 | D:8      | Found an ornate altar of the Wu Jian Council.
  6690 | D:8      | Found an opulent altar of Gozag.
  6790 | D:8      | Reached skill level 12 in Staves
  7106 | D:8      | Became a worshipper of the Wu Jian Council
  7132 | D:9      | Noticed a guardian serpent
  7143 | D:9      | Killed a guardian serpent
  7367 | D:9      | Found a staircase to the Lair.
  7482 | D:9      | Reached skill level 13 in Staves
  7482 | D:9      | Reached XP level 10. HP: 55/67 MP: 10/10
  7618 | D:9      | Noticed a two-headed ogre
  7796 | D:9      | Paralysed by a hornet for 2 turns
  8091 | D:9      | Reached * piety under Wu Jian
  8525 | D:9      | Found a hide-covered altar of Uskayaw.
  8526 | D:9      | Found a snail-covered altar of Cheibriados.
  8526 | D:9      | Found a shattered altar of Ashenzari.
  8526 | D:9      | Found an iron altar of Okawaru.
  8526 | D:9      | Found a burning altar of Makhleb.
  8527 | D:9      | Found a deep blue altar of Sif Muna.
  8528 | D:9      | Found a bloodstained altar of Trog.
  8531 | D:9      | Found an ancient bone altar of Kikubaaqudgha.
  8614 | D:10     | Entered Level 10 of the Dungeon
  8870 | D:10     | Reached ** piety under Wu Jian
  8890 | D:10     | Reached skill level 14 in Staves
  9042 | D:10     | Noticed a gargoyle
  9080 | D:9      | Killed a gargoyle
  9080 | D:9      | Reached skill level 1 in Armour
  9939 | Lair:1   | Entered Level 1 of the Lair of Beasts
  9960 | Lair:1   | Noticed a spiny frog
  9967 | D:9      | Gained mutation: You have claws for feet. [demonic ancestry]
  9967 | D:9      | Reached XP level 11. HP: 54/77 MP: 11/11
 10206 | Lair:1   | Found a labyrinth entrance.
 10215 | Lab      | Entered a labyrinth
 10514 | Lab      | Noticed a minotaur
 10529 | Lab      | HP: 1/78 [minotaur/warped long sword {protect} (23)]
 10534 | Lab      | HP: 2/78 [minotaur/stone (16)]
 10534 | Lab      | Shot with a stone by a minotaur

Skill      XL: |  1  2  3  4  5  6  7  8  9 10 |
---------------+-------------------------------+-----
Staves         | 3 4 5 6 7 9 11 13 14 | 14.0
Armour         | 3 |  3.6
Dodging        | 4 |  4.7
Fighting       | 4 |  4.6
Throwing       | |  1.7

Action                   |  1- 3 |  4- 6 |  7- 9 | 10-12 || total
-------------------------+-------+-------+-------+-------++-------
Melee: Quarterstaff      |    75 |   143 |   450 |   374 ||  1042
       Kick              |    17 |    40 |   124 |   129 ||   310
Invok: Lunge             |       |       |     3 |    14 ||    17
       Whirlwind         |       |       |       |    42 ||    42
       Wall Jump         |       |       |       |     4 ||     4
Evoke: Wand              |       |       |       |     7 ||     7
  Use: Scroll            |       |    13 |     1 |     7 ||    21
       Potion            |       |       |     2 |     8 ||    10
  Eat: Chunk             |     1 |     6 |     3 |     8 ||    18
       Ration            |       |       |    11 |     2 ||    13
Armor: Leather armour    |     4 |       |       |       ||     4
       Chain mail        |    22 |    80 |   210 |   130 ||   442
       Scale mail        |     7 |       |       |       ||     7
Dodge: Dodged            |    37 |    54 |   170 |   107 ||   368
